 Dungeon Crawl Stone Soup version 0.26-a0-690-gcb57259078 (webtiles) character file.

Game seed: 5390234174013719744

1566 mattiecakes the Grappler (level 8, -5/75 HPs)
             Began as a Troll Berserker on Oct 23, 2020.
             Was an Elder of Trog.
             Slain by Maggie
             ... wielding a +2 broad axe of draining
              (14 damage)
             ... on level 6 of the Dungeon.
             The game lasted 00:07:41 (4552 turns).

mattiecakes the Grappler (Troll Berserker)          Turns: 4552, Time: 00:07:42

Health: -5/75      AC: 12    Str: 28    XL:     8   Next: 59%
Magic:  7/7        EV: 10    Int:  3    God:    Trog [****..]
Gold:   341        SH:  0    Dex:  9    Spells: 7/7 levels left

rFire    . . .     SeeInvis .     - Unarmed
rCold    . . .     Faith    .   (no shield)
rNeg     . . .     Spirit   .   a - +1 animal skin
rPois    +         Reflect  .   g - +0 hat {MR+}
rElec    .         Harm     .   p - +0 cloak
rCorr    .         Rampage  .   (gloves unavailable)
MR       +....                  (boots unavailable)
Stlth    +.........             (no amulet)
HPRegen  0.62/turn              k - ring of poison resistance
MPRegen  0.10/turn              q - +4 ring of protection

@: mesmerised, heavily drained
A: large, unfitting armour, claws 3, regeneration 1, shaggy fur 1, tough skin 3
a: Berserk, Trog's Hand, Brothers in Arms, Renounce Religion


You were on level 6 of the Dungeon.
You worshipped Trog.
Trog was greatly pleased with you.
You visited 1 branch of the dungeon, and saw 6 of its levels.

You collected 341 gold pieces.

Inventory:

Hand Weapons
 u - the +6 dagger "Awok" {drain, Str+2 Int+3}
   (You found it on level 6 of the Dungeon)

   A truly terrible weapon, it drains the life of those it strikes.
   It affects your strength (+2).
   It affects your intelligence (+3).
 x - a +0 giant spiked club
Missiles
 e - 5 large rocks (quivered)
Armour
 a - a +1 animal skin (worn)
 g - a +0 hat of magic resistance (worn)
 p - a +0 cloak (worn)
Jewellery
 k - a ring of poison resistance (left claw)
 q - a +4 ring of protection (right claw)
Wands
 i - a wand of flame (33)
 m - a wand of enslavement (2)
Scrolls
 h - 2 scrolls of immolation
 r - a scroll of remove curse
 v - a scroll of fear
 w - 3 scrolls of identify
Potions
 b - a potion of degeneration {unknown}
 c - a potion of berserk rage
 d - 2 potions of heal wounds
 f - 4 potions of haste {unknown}
 j - a potion of stabbing {unknown}
 l - a potion of lignification {unknown}
 n - a potion of might
 o - a potion of curing {unknown}
 s - a potion of flight {unknown}
 t - a potion of ambrosia {unknown}


   Skills:
 + Level 3.4(2.0) Fighting
 + Level 0.4(0.0) Maces & Flails
 + Level 2.3(1.0) Throwing
 + Level 2.1(0.8) Armour
 + Level 3.4(2.0) Dodging
 - Level 9.6(7.9) Unarmed Combat


You had 7 spell levels left.
You didn't know any spells.
Your spell library was empty.

Dungeon Overview and Level Annotations

Branches:
Dungeon (6/15)
 Temple: D:4-7

Altars:
Cheibriados
Fedhas
Gozag
Okawaru
Sif Muna
Uskayaw
Xom

Annotations:
D:6 Maggie


Innate Abilities, Weirdness & Mutations

You are too large for most types of armour.
You have claws for hands.
Your natural rate of healing is unusually fast.
You are covered in fur. (AC +1)
You have extremely tough skin. (AC +3)


Message History

You barely miss Maggie. You claw Maggie!
Maggie is heavily wounded.
Maggie hits you with a +2 broad axe of draining!
You feel drained.
You barely miss Maggie.
Maggie is heavily wounded.
You completely miss Maggie. Your claw misses Maggie.
Maggie is heavily wounded.
Maggie gestures wildly while chanting.
Maggie draws you further into her thrall.
You barely miss Maggie.
Maggie is heavily wounded.
Maggie hits you with a +2 broad axe of draining!
* * * LOW HITPOINT WARNING * * *
You feel drained.
* * * LOW HITPOINT WARNING * * *
You mangle Maggie!!
Maggie is severely wounded.
Maggie hits you with a +2 broad axe of draining!
You die...

........# ##.#.##....#
###.###.# #...##....#
####### ..#.#
#.######..##....#####......
#†#.#
#.#.......##.#####.........
#.#.# #....(..#.##.#
#.##...... #.#.#
#.......#..#.#####.#######.
#.#.# #.....(.##.#.#.....#
#. #.#.#
#.......##...#.##### ###)
#.#.#
#........@@....#.#######...
#.#.#
#..............#...........
#.#.# #...........>..#
######.... #.#.#
#.#.####((.....#.#....#.##'
#.#.#
#.#.##########.#.#.##.#.##.
#.#.#
#.......######.#.#.#..#.##.
#.#.#
#.......#........#<...#.##.
#.#.#
#.......#........#.####.#..
#.#.#
#.......#........#......#..


You could see Maggie (mesmerising, strong).

Vanquished Creatures
  2 sky beasts (D:5)
  3 ogres
  2 ice beasts
  A bullfrog (D:6)
  A scorpion (D:6)
  A howler monkey (D:4)
  A centaur zombie (D:6)
  A quasit (D:6)
  A bullfrog zombie (D:6)
  3 hounds
  4 orc wizards (D:4)
  An orc priest (D:4)
  An iguana (D:4)
  Natasha (twice) (D:2)
  3 worker ants
  A worker ant zombie (D:6)
  7 gnolls
  9 adders
  4 white imps
  2 ufetubi
  An ooze (D:3)
  An adder skeleton (D:4)
  3 worms
  4 dart slugs
  8 leopard geckos
  17 orcs
  7 bats
  3 giant cockroaches
  12 goblins
  11 hobgoblins
  6 kobolds
  2 quokkas (D:6)
  6 frilled lizards
  A leopard gecko zombie (D:6)
  A quokka zombie (D:5)
  5 rats
138 creatures vanquished.

Notes
Turn   | Place    | Note
-------+----------+-------------------------------------------
     0 | D:1      | mattiecakes the Troll Berserker began the quest for the
                  | Orb.
     0 | D:1      | Reached XP level 1. HP: 22/22 MP: 0/0
    93 | D:1      | Reached XP level 2. HP: 29/29 MP: 1/1
   340 | D:1      | Reached skill level 4 in Unarmed Combat
   745 | D:2      | Found a shimmering altar of Xom.
   800 | D:2      | Reached XP level 3. HP: 35/36 MP: 2/2
  1019 | D:2      | Reached ** piety under Trog
  1054 | D:2      | Noticed Natasha
  1056 | D:2      | Killed Natasha
  1056 | D:2      | Reached XP level 4. HP: 32/44 MP: 3/3
  1113 | D:2      | Noticed Natasha
  1125 | D:2      | Killed Natasha
  1125 | D:2      | Reached skill level 5 in Unarmed Combat
  1600 | D:3      | Reached XP level 5. HP: 47/50 MP: 4/4
  1790 | D:3      | Found a blossoming altar of Fedhas.
  1821 | D:3      | Reached skill level 6 in Unarmed Combat
  2308 | D:4      | Found a snail-covered altar of Cheibriados.
  2374 | D:4      | Reached XP level 6. HP: 54/59 MP: 5/5
  2532 | D:4      | Reached skill level 7 in Unarmed Combat
  2543 | D:4      | Reached *** piety under Trog
  2584 | D:4      | Found an opulent altar of Gozag.
  2699 | D:4      | Noticed an ice beast
  2711 | D:4      | Killed an ice beast
  2711 | D:4      | Reached skill level 8 in Unarmed Combat
  2711 | D:4      | Reached XP level 7. HP: 53/66 MP: 6/6
  2903 | D:5      | Entered Level 5 of the Dungeon
  3046 | D:5      | Found an iron altar of Okawaru.
  3048 | D:5      | Found a hide-covered altar of Uskayaw.
  3150 | D:5      | Reached skill level 9 in Unarmed Combat
  3505 | D:6      | Found a shimmering blue altar of Sif Muna.
  3520 | D:6      | Reached XP level 8. HP: 71/74 MP: 7/7
  3524 | D:6      | Got an iridescent dagger
  3525 | D:6      | Identified the +6 dagger "Awok" {drain, Str+2 Int+3} (You
                  | found it on level 6 of the Dungeon)
  3553 | D:6      | Reached **** piety under Trog
  3666 | D:6      | Reached skill level 1 in Throwing
  3797 | D:6      | Reached skill level 1 in Armour
  4537 | D:6      | Noticed Maggie
  4552 | D:6      | Slain by Maggie

Illustrated notes

Levels and vault maps discovered:
D:1:      psy_arrival_spokes, layout_basic
D:2:      layout_basic, old_standard_altar, solitary_fountain, uniq_natasha
D:3:      corexii_shack_village, layout_basic, lemuel_round_altar,
          chequers_mini_garden, chequers_arboretum
D:4:      layout_loops_ring, lemuel_coloured_pillars_altar,
          kennysheep_slug_shrine, minmay_misc_feat_tiny,
          corexii_leaking_fountain
D:5:      layout_gridville, grunt_temple_overflow_open
D:6:      layout_basic, lemuel_crystal_altar, uniq_maggie

Skill      XL: |  1  2  3  4  5  6  7  8 |
---------------+-------------------------+-----
Unarmed Combat | 4 5 6 8 9 |  9.6
Throwing       | 2 |  2.3
Armour         | 2 |  2.1
Fighting       | 3 |  3.4
Dodging        | 3 |  3.4
Maces & Flails | |  0.4

Action                   |  1- 3 |  4- 6 |  7- 9 || total
-------------------------+-------+-------+-------++-------
Melee: Unarmed           |    77 |   168 |   169 ||   414
       Punch             |       |     2 |    10 ||    12
  Use: Scroll            |     6 |     3 |     3 ||    12
 Stab: Sleeping          |       |     1 |       ||     1
Armor: Animal skin       |    25 |    32 |    69 ||   126
Dodge: Dodged            |    32 |    72 |    70 ||   174

Table legend: (Time is in decaauts)
 A = Elapsed time spent in this place.
 B = Non-inter-level travel time spent in this place.
 C = Inter-level travel time spent in this place.
 D = Time resting spent in this place.
 E = Time spent auto-exploring this place.
 F = Levels seen in this place.
 G = Mean time per level.
                   A        B        C        D        E       F      G
               +--------+--------+--------+--------+--------+-----+--------+
         Total |   4503 |   4224 |    279 |     21 |   3381 |   6 |  750.5 |
       Dungeon |   4503 |   4224 |    279 |     21 |   3381 |   6 |  750.5 |
               +--------+--------+--------+--------+--------+-----+--------+

Top non-repeatable levels by time:
     D:6: 981 daAuts
     D:4: 809 daAuts
     D:1: 726 daAuts
     D:2: 696 daAuts
     D:3: 694 daAuts
     D:5: 594 daAuts
